 Dungeon Crawl Stone Soup version 0.22-b1-26-g9dbaab1 (webtiles) character file.

67 Lilu the Conjurer (level 3, -2/19 HPs)
             Began as a Deep Elf Conjurer on Aug 6, 2018.
             Killed from afar by an orc wizard (9 damage)
             ... with a magic dart
             ... on level 2 of the Dungeon.
             The game lasted 00:02:49 (1031 turns).

Lilu the Conjurer (Deep Elf Conjurer)               Turns: 1031, Time: 00:02:50

Health: -2/19      AC:  3    Str:  9    XL:     3   Next: 98%
Magic:  9/9        EV: 13    Int: 19    God:
Gold:   75         SH:  0    Dex: 15    Spells: 5/8 levels left

rFire    . . .     SeeInvis .   p - +4 dagger (venom)
rCold    . . .     Gourm    .   (no shield)
rNeg     . . .     Faith    .   a - +0 robe
rPois    .         Spirit   .   (no helmet)
rElec    .         Reflect  .   (no cloak)
rCorr    .         Harm     .   (no gloves)
MR       .....                  o - +0 pair of boots
Stlth    +.........             (no amulet)
HPRegen  0.06/turn              h - ring of attention (curse)
MPRegen  0.11/turn              m - +3 ring of strength

@: slowed, very slow
A: no striking features
a: no special abilities


You were on level 2 of the Dungeon.
You were not hungry.

You visited 1 branch of the dungeon, and saw 2 of its levels.

You collected 75 gold pieces.

Inventory:

Hand Weapons
 j - a +0 spear
 p - a +4 dagger of venom (weapon)
Missiles
 f - 26 arrows
Armour
 a - a +0 robe (worn)
 o - a +0 pair of boots (worn)
Jewellery
 h - a cursed ring of attention (left hand)
 m - a +3 ring of strength (right hand)
Scrolls
 d - 2 scrolls of identify {unknown}
 g - 5 scrolls of teleportation {unknown}
 i - a scroll of fog {unknown}
 k - 2 scrolls of remove curse {unknown}
Potions
 b - a potion of heal wounds {unknown}
 e - a potion of might {unknown}
 l - a potion of mutation {unknown}
Comestibles
 c - a ration
 n - 4 chunks of flesh


   Skills:
 - Level 2.4 Dodging
 - Level 2.4 Stealth
 - Level 3.0 Spellcasting
 + Level 6.1 Conjurations


You had 5 spell levels left.
You knew the following spells:

 Your Spells              Type           Power        Failure   Level  Hunger
a - Magic Dart            Conj           ####         1%          1    None
b - Searing Ray           Conj           ####..       1%          2    ##.....

Your spell library contained the following spells:

 Spells                   Type           Power        Failure   Level  Hunger
 Iskenderun's Mystic Bla  Conj           ####....     12%         4    ####...
 Fulminant Prism          Conj/Hex       ##........   38%         4    ####...
 Dazzling Spray           Conj/Hex       ##....       13%         3    ###....
 Force Lance              Conj/Tloc      ##......     38%         4    ####...


Dungeon Overview and Level Annotations

Branches:
Dungeon (2/15)

Altars:
Wu Jian


Message History

You closely miss the orc wizard.
The orc wizard is severely wounded.
The orc wizard mumbles some strange words.
The orc wizard seems to speed up.
A rat comes into view.
The orc wizard casts a spell at you. The puff of frost misses you.
You hit the orc wizard.
The orc wizard looks as sick as possible!
The orc wizard is almost dead.
You kill the orc wizard!
Your Conjurations skill increases to level 6!
The orc wizard gestures at you while chanting.
You feel yourself slow down.
The orc wizard points at you and mumbles some strange words.
The magic dart hits you! The orc wizard hits you with a dagger.
The orc wizard casts a spell at you. The magic dart hits you!
You die...

######.# #.# # #.# #.#
######.####.#########
....)........>......############
####............................
###..###.#######.############ ##
#....# #.# #.# ...#.##.#
#.#######.# ##.#. #.#
#.#rgo@...# # #.# #.#.#######
#.# #.#


You could see an orc wizard, a hobgoblin and a rat.

Vanquished Creatures
  An orc wizard (D:2)
  A gnoll (D:1)
  An ooze (D:1)
  A dart slug (D:2)
  2 leopard geckos (D:1)
  An orc (D:2)
  2 ball pythons
  3 goblins
  4 hobgoblins
  2 bats (D:1)
  3 frilled lizards
  A rat (D:1)
22 creatures vanquished.

Notes
Turn   | Place    | Note
-------+----------+-------------------------------------------
     0 | D:1      | Lilu the Deep Elf Conjurer began the quest for the Orb.
     0 | D:1      | Reached XP level 1. HP: 10/10 MP: 6/6
   125 | D:1      | Reached XP level 2. HP: 15/15 MP: 5/8
   167 | D:1      | Reached skill level 5 in Conjurations
   330 | D:1      | Learned a level 2 spell: Searing Ray
   525 | D:1      | Reached XP level 3. HP: 19/19 MP: 9/9
   895 | D:2      | Found an ornate altar of the Wu Jian Council.
  1030 | D:2      | Reached skill level 6 in Conjurations
  1031 | D:2      | Killed from afar by an orc wizard

Skill      XL: |  1  2  3 |
---------------+----------+-----
Conjurations   | 5 6 |  6.1
Dodging        | |  2.4
Stealth        | |  2.4
Spellcasting   | |  3.0

Action                   || total
-------------------------++-------
Melee: Spear             ||    24
       Dagger            ||     4
 Cast: Magic Dart        ||    30
Armor: Robe              ||     4
Dodge: Dodged            ||    23
